AoeStats
← Ivan

Enclosed

505861637Analyzed
1v1 RM · 20d ago on Sep 11, 2026· 34m 20s· 2 players
Game mode
Random Map
Map size
Tiny (2 player)
Population
200
Speed
Normal
Resources
Standard
Victory
Conquest
Starting age
Dark Age
Ending age
Imperial Age
RankedLock teamsTeams togetherTeam positionsShared explorationLock speedFull tech treeHidden civsTurbo modeCheats
Victory
Defeat
🇪🇸 Vietnamese · Spain
623
+14
🇨🇿 Bulgarians · Czechia
579
-14
blackpanda
6:54 Loom
9:58 Feudal Age
10:40 Double-Bit Axe
22:53 Castle Age
24:13 Bloodlines
24:03 Husbandry
29:08 Scale Barding Armor
29:04 Padded Archer Armor
32:12 Forging
32:02 Scale Mail Armor
Ivan
3:28 Loom
12:28 Feudal Age
14:33 Double-Bit Axe
14:40 Horse Collar
16:11 Wheelbarrow
24:25 Castle Age
22:33 Stone Mining
23:56 Gold Mining
26:06 Heavy Plow
26:27 Hand Cart
28:10 Squires
29:47 Scale Mail Armor
29:57 Forging
30:01 Bow Saw
30:10 Pikeman
31:27 Town Watch
32:20 Gold Shaft Mining
Connection lost

Rejoining the realm…

Still unreachable

The connection could not be restored.

Session expired

The server has moved on; the page needs a fresh start.